 Dungeon Crawl Stone Soup version 0.28-a0-1236-gb25a51b929 (webtiles) character file.

Game seed: 11815910911679186494

115252 shoop the Warrior (level 16, -3/148 HPs)
             Began as a Palentonga Abyssal Knight on Dec 26, 2021.
             Was the Champion of Lugonu.
             Succumbed to a wolf spider's poison
             ... on level 1 of the Spider Nest on Dec 27, 2021.
             The game lasted 02:14:09 (45565 turns).

shoop the Warrior (Palentonga Abyssal Knight)      Turns: 45565, Time: 02:14:10

Health: -3/148     AC: 13    Str: 26    XL:     16   Next: 18%
Magic:  24/25      EV: 10    Int: 14    God:    Lugonu [******]
Gold:   2531       SH: 10    Dex: 12    Spells: 16/21 levels left

rFire   . . .      SeeInvis +   b - +3 war axe (venom)
rCold   + + .      Faith    .   k - +0 kite shield {rPois}
rNeg    . . .      Spirit   .   M - +1 ring mail {Will+}
rPois   +          Reflect  .   R - +2 hat of Virtue {rPois}
rElec   .          Harm     .   Y - +2 cloak {rC+}
rCorr   .          Rampage  .   r - +0 pair of gloves "Diobre" {Fly rC+}
Will    ++...                   (no barding)
Stlth   +.........              (no amulet)
HPRegen 0.34/turn               o - +6 ring of strength
MPRegen 0.19/turn               L - +4 ring of slaying

@: lethally poisoned (-3 -> -28), flying, studying Slings
A: large, rugged brown scales 3, see invisible, deformed body, roll 1, armoured
tail, reflexive curl
a: Rolling Charge, Renounce Religion, Depart the Abyss, Bend Space, Banish,
Corrupt, Enter the Abyss, Brand Weapon With Distortion


You were on level 1 of the Spider Nest.
You worshipped Lugonu.
Lugonu was exalted by your worship.
You visited 5 branches of the dungeon, and saw 26 of its levels.
You visited the Abyss 2 times.
You also visited: Gauntlet and Ice Cave.

You collected 2786 gold pieces.
You spent 255 gold pieces at shops.

Inventory:

Hand Weapons
 a - a +0 hand axe of distortion
 b - a +3 war axe of venom (weapon)
Missiles
 l - 4 throwing nets
Armour
 k - a +0 kite shield of poison resistance (worn)
 r - the +0 pair of gloves "Diobre" (worn) {Fly rC+}
   (You found it in a Gauntlet)

   rC:        It protects you from cold.
   Fly:       It grants you flight.
 M - a +1 ring mail of willpower (worn)
 P - a +2 leather armour of resistance
 R - the +2 hat of Virtue (worn) {rPois}
   (You found it in a Gauntlet)

   rPois:     It protects you from poison.
 Y - a +2 cloak of cold resistance (worn)
Jewellery
 m - a +4 ring of protection
 n - a ring of protection from cold
 o - a +6 ring of strength (left hand)
 s - a ring of resist corrosion
 E - the ring of the Blind Eye {rF+ Stlth+}
   (You found it on level 7 of the Dungeon)

   [ring of protection from fire]

   rF:        It protects you from fire.
   Stlth:     It makes you more stealthy.
 L - a +4 ring of slaying (right hand)
 S - a ring of willpower
Wands
 x - a wand of digging (8)
 y - a wand of charming (10)
 F - a wand of mindburst (3)
 O - a wand of acid (5)
 T - a wand of polymorph (16)
 U - a wand of paralysis (8)
 Z - a wand of iceblast (12)
Scrolls
 c - 5 scrolls of noise {unknown}
 d - 4 scrolls of enchant weapon {unknown}
 e - 3 scrolls of holy word {unknown}
 f - 4 scrolls of fog
 g - 9 scrolls of amnesia
 h - 10 scrolls of teleportation
 j - 4 scrolls of immolation {unknown}
 p - a scroll of fear
 q - 4 scrolls of enchant armour
 u - 4 scrolls of summoning
 w - 7 scrolls of blinking {unknown}
 G - 3 scrolls of vulnerability
 H - 2 scrolls of brand weapon
 V - a scroll of magic mapping
Potions
 i - 2 potions of brilliance
 t - 3 potions of degeneration {unknown}
 v - 3 potions of flight {unknown}
 z - 6 potions of mutation {unknown}
 A - 2 potions of cancellation
 B - 6 potions of might
 C - 4 potions of curing
 D - a potion of invisibility
 I - a potion of haste
 K - a potion of berserk rage
 X - 2 potions of lignification
Miscellaneous
 J - a phantom mirror
 N - a phial of floods
 Q - a box of beasts
 W - a condenser vane


   Skills:
 + Level 16.5 Fighting
 - Level 16.0 Axes
 - Level 4.0 Armour
 - Level 5.0 Dodging
 - Level 1.0 Stealth
 - Level 9.0 Shields
 - Level 3.0 Spellcasting
 - Level 3.0 Transmutations
 - Level 4.0 Air Magic
 - Level 3.0 Earth Magic
 - Level 13.0 Invocations
 - Level 3.0 Evocations


You had 16 spell levels left.
You knew the following spells:

 Your Spells              Type           Power      Damage    Failure   Level
p - Passwall              Tmut/Erth      8%         N/A       14%         2
s - Swiftness             Air            13%        N/A       19%         3

Your spell library contained the following spells:

 Spells                   Type           Power      Damage    Failure   Level
 Sandblast                Erth           20%        2d7       9%          1
 Shock                    Conj/Air       28%        1d4       14%         1
 Corpse Rot               Necr/Air       14%        N/A       21%         2
 Poisonous Vapours        Pois/Air       14%        N/A       21%         2
 Animate Skeleton         Necr           4%         N/A       30%         1
 Apportation              Tloc           4%         N/A       30%         1
 Freeze                   Ice            8%         1d3       30%         1
 Pain                     Necr           8%         1d4       30%         1
 Slow                     Hex            8%         N/A       30%         1
 Summon Small Mammal      Summ           8%         N/A       30%         1
 Blink                    Tloc           4%         N/A       43%         2
 Ensorcelled Hibernation  Hex/Ice        4%         N/A       43%         2
 Stone Arrow              Conj/Erth      12%        3d7       45%         3
 Mephitic Cloud           Conj/Pois/Air  5%         N/A       50%         3
 Ignite Poison            Fire/Tmut/Pois 4%         N/A       52%         3
 Airstrike                Air            6%         N/A       52%         4
 Call Canine Familiar     Summ           2%         N/A       67%         3
 Confusing Touch          Hex            2%         N/A       67%         3
 Frozen Ramparts          Ice            4%         1d2       67%         3
 Inner Flame              Hex/Fire       2%         N/A       67%         3
 Ozocubu's Armour         Ice            2%         N/A       67%         3
 Summon Guardian Golem    Hex/Summ       2%         N/A       67%         3
 Vampiric Draining        Necr           2%         2d6       67%         3
 Animate Armour           Summ/Erth      12%        N/A       86%         4
 Blade Hands              Tmut           5%         N/A       94%         5
 Flame Wave               Conj/Fire      2%         2d4       97%         4
 Fulminant Prism          Conj/Hex       1%         3d6       97%         4
 Hailstorm                Conj/Ice       2%         3d3       97%         4
 Passage of Golubria      Tloc           2%         N/A       97%         4
 Silence                  Hex/Air        3%         N/A       98%         5
 Alistair's Intoxication  Tmut/Pois      4%         N/A       99%         5
 Freezing Cloud           Conj/Ice/Air   2%         6-21      99%         5
 Agony                    Necr           2%         N/A       100%        5
 Excruciating Wounds      Necr           1%         N/A       100%        5
 Fireball                 Conj/Fire      1%         3d3       100%        5
 Iskenderun's Battlesphe  Conj           2%         2d6       100%        5
 Manifold Assault         Tloc           2%         N/A       100%        5
 Metabolic Englaciation   Hex/Ice        1%         N/A       100%        5
 Conjure Ball Lightning   Conj/Air       3%         3x3d6     100%        6
 Iron Shot                Conj/Erth      3%         9d2       100%        6
 Simulacrum               Ice/Necr       1%         N/A       100%        6
 Starburst                Conj/Fire      1%         6d3       100%        6
 Orb of Destruction       Conj           1%         N/A       100%        7
 Ozocubu's Refrigeration  Ice            1%         4d5       100%        7
 Storm Form               Tmut/Air       5%         N/A       100%        7
 Lehudib's Crystal Spear  Conj/Erth      3%         10d2      100%        8


Dungeon Overview and Level Annotations

Branches:
Dungeon (15/15)            Temple (0/1) D:5            Lair (6/6) D:9
 Shoals (0/4) Lair:3       Spider (2/4) Lair:3        Slime (0/5) Lair:6
    Orc (2/2) D:12            Elf (0/3) Orc:2        Vaults (0/5) D:14
 Depths (1/4) D:15          IceCv (visited)         Gauntlet (visited)

Altars:
Gozag
Hepliaklqana
Makhleb
Nemelex Xobeh
Okawaru
Sif Muna
Uskayaw
Wu Jian
The Shining One
Beogh
Jiyva

Shops:
D:2 (   Orc:2 ([:*(

Annotations:
D:12 1 exclusion
Lair:4 Kirke
Abyss:1 Dowan


Innate Abilities, Weirdness & Mutations

You are completely covered in rugged brown scales. (AC +3, +7% HP)
You have supernaturally acute eyesight. (SInv)
Armour fits poorly on your strangely shaped body.
You can roll at nearby foes to attack.
You have a long armoured tail.
You curl defensively after being hit. (AC +7*)


Message History

The entropy weaver barely misses you. The tarantella touches you.
You are more confused.
The wolf spider hits you!
The wolf spider bites you but does no damage.
The entropy weaver closely misses you.
The entropy weaver hits you but does no damage.
The entropy weaver hits you. The entropy weaver barely misses you.
You're too confused to move!
The tarantella touches you! The wolf spider hits you!
* * * LOW HITPOINT WARNING * * *
The wolf spider bites you but does no damage.
The entropy weaver hits you but does no damage.
The entropy weaver hits you!
* * * LOW HITPOINT WARNING * * *
The entropy weaver hits you!
* * * LOW HITPOINT WARNING * * *
The entropy weaver hits you but does no damage.
The tarantella barely misses you.
The wolf spider hits you but does no damage.
The wolf spider barely misses you.
Okay, then.
Save game and exit?
Welcome back, shoop the Palentonga Abyssal Knight.
Lugonu says: Spread carnage and corruption!
Press ? for a list of commands and other information.
You feel better.
The tarantella touches you but does no damage.
The entropy weaver hits you.
* * * LOW HITPOINT WARNING * * *
The entropy weaver hits you.
* * * LOW HITPOINT WARNING * * *
The entropy weaver hits you but does no damage.
You block the entropy weaver's attack. You block the wolf spider's attack.
The wolf spider bites you!
* * * LOW HITPOINT WARNING * * *
You are lethally poisoned!
The wolf spider poisons you! Space bends sharply around you!
You blink.
You die...

##.....##
##.....s.###..#
#......§s..#..#
##.....B.....#
#..........###.
#.............#
##.<........###
#.........##
##.>..@...#
#.........#
##...#.....#
##.###..#...
### #.# .. ## .


You could see an entropy weaver (very poisoned), a wolf spider (extremely
poisoned) and a tarantella.

Vanquished Creatures
  Josephine (D:10)
  Fannar (Lair:3)
  Erolcha (Orc:2)
  Harold (D:11)
  2 catoblepae
  3 boulder beetles
  2 two-headed ogres
  A death knight (D:15)
  10 centaur warriors
  2 dancing weapons (D:14)
  A death yak (Lair:5)
  2 tengu warriors (D:15)
  Urug (Lair:3)
  Sonja (D:13)
  A wizard (D:13)
  An orb spider (shapeshifter) (D:14)
  A lindwurm (Lair:6)
  8 deep elf pyromancers
  5 orc knights
  6 ugly things
  12 wolf spiders
  4 orc sorcerers
  A salamander (D:15)
  9 manticores
  An orb spider (Spider:2)
  5 cyclopes
  3 elephants
  6 black mambas
  An ice statue (IceCv)
  3 molten gargoyles (Lair:6)
  2 gargoyles
  5 rime drakes
  5 cane toads
  2 kobold demonologists
  A demonic crawler (Spider:2)
  A rime drake (shapeshifter) (D:13)
  2 anaconda simulacra (IceCv)
  10 komodo dragons
  An ice devil (Lair:5)
  2 freezing wraiths (D:15)
  An entropy weaver simulacrum (IceCv)
  A wind drake (Lair:3)
  A meliai (D:13)
  3 jumping spiders
  3 polar bears (Lair:5)
  10 trolls
  12 slime creatures
  2 hornets
  13 blink frogs
  4 dream sheep (Lair:6)
  5 flying skulls (Gauntlet)
  8 wraiths
  41 yaks
  11 wyverns
  13 tarantellas
  21 redbacks
  2 hogs (D:9)
  12 basilisks
  A fire bat (Gauntlet)
  A golden eye (shapeshifter) (D:13)
  4 death yak simulacra
  6 fire elementals
  3 steam dragons (Lair:6)
  2 vampire mosquitoes (D:14)
  Menkaure (D:3)
  6 wargs
  2 harpy simulacra
  An acid dragon (D:13)
  11 water moccasins
  5 hell hounds
  Duvessa (D:5)
  A small abomination (Abyss:1)
  8 black bears
  33 orc warriors
  An ice beast (D:7)
  3 necrophages
  53 wolves
  18 centaurs
  7 ogres
  2 phantoms
  4 kobold brigands
  15 bullfrogs
  3 gnoll sergeants
  5 scorpions
  A cane toad simulacrum (IceCv)
  6 two-headed ogre simulacra (IceCv)
  4 killer bees
  7 electric eels (D:9)
  3 howler monkeys
  3 centaur zombies
  6 lava snakes (Lair:6)
  A bullfrog zombie (D:6)
  A bullfrog skeleton (D:5)
  2 hounds
  2 centaur skeletons (D:7)
  4 gnoll shamans
  32 orc priests
  2 iguanas
  Jessica (D:2)
  23 orc wizards
  9 troll simulacra
  5 spriggan simulacra (IceCv)
  2 killer bee zombies
  2 polar bear simulacra (IceCv)
  2 wolf simulacra
  2 hound skeletons
  A howler monkey zombie (D:7)
  16 gnolls
  10 adders
  4 naga simulacra (IceCv)
  A shadow imp (D:8)
  11 white imps
  2 ufetubi (IceCv)
  3 worms
  2 dart slugs
  105 orcs
  9 ball pythons
  10 endoplasms
  8 giant cockroaches
  5 goblins
  8 hobgoblins
  7 kobolds
  3 quokkas (D:1)
  7 bats
  13 frilled lizards
  3 rats
835 creatures vanquished.

Vanquished Creatures (others)
  A minotaur (Gauntlet)
  An orc wizard (Orc:1)
  A fire vortex (Lair:6)
  35 fungi
  128 plants
  6 starspawn tentacles (Gauntlet)
172 creatures vanquished.

Grand Total: 1007 creatures vanquished

Notes
Turn   | Place    | Note
-------+----------+-------------------------------------------
     0 | Abyss:1  | shoop the Palentonga Abyssal Knight began the quest for the
                  | Orb.
     0 | Abyss:1  | Reached XP level 1. HP: 19/19 MP: 2/2
    54 | Abyss:1  | Noticed a large abomination
    66 | Abyss:2  | Noticed a tentacled starspawn
    70 | D:1      | Escaped the Abyss
   211 | D:1      | Reached * piety under Lugonu
   330 | D:1      | Reached XP level 2. HP: 23/25 MP: 3/3
   619 | D:1      | Reached XP level 3. HP: 8/31 MP: 4/4
   917 | D:1      | Reached skill level 1 in Dodging
   981 | D:1      | Found a faded altar of an unknown god.
   984 | D:1      | Reached ** piety under Lugonu
  1682 | D:2      | Reached skill level 1 in Shields
  1682 | D:2      | Reached XP level 4. HP: 37/37 MP: 5/5
  1718 | D:2      | Noticed Jessica
  1725 | D:2      | Killed Jessica
  2069 | D:2      | Found Tifem's Antique Weapon Boutique.
  2237 | D:3      | Reached XP level 5. HP: 43/43 MP: 6/6
  2545 | D:3      | Found an ornate altar of the Wu Jian Council.
  2551 | D:3      | Found a hazy altar of Hepliaklqana.
  2554 | D:3      | Found a hide-covered altar of Uskayaw.
  2593 | D:4      | Noticed Menkaure
  2601 | D:3      | Killed Menkaure
  2602 | D:3      | Reached XP level 6. HP: 14/50 MP: 7/7
  2992 | D:4      | Reached skill level 5 in Axes
  3244 | D:4      | Learned a level 2 spell: Passwall
  3248 | D:4      | Learned a level 3 spell: Swiftness
  3680 | D:4      | Gained mutation: You curl defensively after being hit. (AC
                  | +7*) [Palentonga growth]
  3680 | D:4      | Reached XP level 7. HP: 50/56 MP: 10/10
  3722 | D:4      | Reached *** piety under Lugonu
  3850 | D:5      | Entered Level 5 of the Dungeon
  3901 | D:5      | Found a staircase to the Ecumenical Temple.
  3984 | D:5      | Found a glowing golden altar of the Shining One.
  4297 | D:5      | Reached skill level 5 in Invocations
  4540 | D:5      | Noticed Dowan
  4540 | D:5      | Noticed Duvessa
  4560 | D:5      | Killed Duvessa
  4561 | D:5      | Reached XP level 8. HP: 38/64 MP: 12/12
  4561 | D:5      | Banished Dowan
  5119 | D:6      | Found an iron altar of Okawaru.
  5252 | D:6      | Reached skill level 1 in Evocations
  6207 | D:6      | Identified a scroll of acquirement
  6211 | D:6      | Acquired a +3 war axe of venom
  6590 | D:7      | Found a burning altar of Makhleb.
  6629 | D:7      | Reached XP level 9. HP: 68/69 MP: 15/15
  6795 | D:7      | Identified the ring of the Blind Eye {rF+ Stlth+}
  7162 | D:7      | Got the Compendium of Icy Dark Rites
  7862 | D:8      | Reached **** piety under Lugonu
  7954 | D:7      | Reached skill level 10 in Axes
  8854 | D:7      | Reached XP level 10. HP: 39/75 MP: 16/16
 10682 | D:9      | Found a staircase to the Lair.
 10715 | Lair:1   | Entered Level 1 of the Lair of Beasts
 11669 | D:9      | Identified the +1 ring mail of Death Resistance {rPois
                  | rCorr Int+2}
 11922 | D:9      | Reached XP level 11. HP: 60/82 MP: 17/17
 13200 | D:9      | Found a shimmering blue altar of Sif Muna.
 13538 | D:9      | Reached skill level 15 in Axes
 13994 | D:10     | Entered Level 10 of the Dungeon
 14035 | D:10     | Noticed a two-headed ogre
 14058 | D:10     | Killed a two-headed ogre
 14858 | D:10     | Noticed Josephine
 15377 | D:10     | Reached skill level 1 in Stealth
 15564 | D:10     | Found a sparkling altar of Nemelex Xobeh.
 15765 | D:10     | Killed Josephine
 15766 | D:10     | Reached skill level 5 in Fighting
 16087 | D:11     | Noticed Harold
 16128 | D:11     | Noticed a two-headed ogre
 16151 | D:11     | Killed Harold
 16441 | D:11     | Banished a two-headed ogre
 16497 | D:11     | Found a gate leading to a gauntlet.
 16504 | Gauntlet | Entered a Gauntlet
 16504 | Gauntlet | Noticed a soul eater
 16504 | Gauntlet | Found a transporter.
 16504 | Gauntlet | Found a transporter.
 16504 | Gauntlet | Found a transporter.
 16505 | Gauntlet | Found a transporter.
 16506 | Gauntlet | Found a transporter.
 16509 | Gauntlet | Found a transporter.
 16521 | Gauntlet | Found a transporter.
 16521 | Gauntlet | Found a transporter.
 16521 | Gauntlet | Noticed a catoblepas
 16522 | Gauntlet | Found a transporter.
 16524 | Gauntlet | Found a transporter.
 16527 | Gauntlet | Noticed a necromancer
 16528 | Gauntlet | Noticed a death yak
 16528 | Gauntlet | Noticed a death yak
 16530 | Gauntlet | Found a runed translucent gate.
 16531 | Gauntlet | Noticed a death yak
 16533 | Gauntlet | Found a runed translucent gate.
 16536 | Gauntlet | Found a transporter.
 16537 | Gauntlet | Found a runed translucent gate.
 16537 | Gauntlet | Found a transporter.
 16620 | Gauntlet | Noticed a fire crab
 16736 | Gauntlet | Reached XP level 12. HP: 66/97 MP: 18/18
 16746 | Gauntlet | Reached ***** piety under Lugonu
 16769 | Gauntlet | Identified the +0 pair of gloves "Diobre" {Fly rC+}
 16925 | Gauntlet | Identified the +6 scimitar of Tybam {pain, +Blink}
 17170 | Gauntlet | Identified the -5 helmet of Midnight {rN+++ Str-3}
 17481 | Gauntlet | Found the +3 giant club "Skullcrusher" {speed, Str+7}
 17481 | Gauntlet | Noticed a minotaur
 17491 | Gauntlet | Corrupted Gauntlet
 17491 | Gauntlet | Noticed a starcursed mass
 17491 | Gauntlet | Noticed a lorocyproca
 17491 | Gauntlet | Noticed a tentacled starspawn
 17491 | Gauntlet | Noticed a tentacled starspawn
 17491 | Gauntlet | Noticed a deep elf demonologist
 17497 | Gauntlet | Killed a minotaur
 17510 | Gauntlet | Identified the +2 hat of Virtue {rPois}
 18350 | D:11     | Noticed a two-headed ogre
 18361 | D:11     | Banished a two-headed ogre
 18980 | D:12     | Found a frozen archway.
 19020 | D:12     | Noticed a boulder beetle
 19026 | D:12     | Reached skill level 10 in Invocations
 19026 | D:12     | Banished a boulder beetle
 19362 | IceCv    | Entered an ice cave
 19714 | IceCv    | Reached skill level 10 in Fighting
 20127 | IceCv    | Reached skill level 1 in Transmutations
 20149 | IceCv    | Reached skill level 1 in Spellcasting
 20154 | IceCv    | Reached skill level 1 in Earth Magic
 21343 | IceCv    | Noticed a reaper
 21355 | IceCv    | Banished a reaper
 21452 | IceCv    | Got the Almanac of the Arsonist
 22135 | D:12     | Noticed a boulder beetle
 22140 | D:12     | Banished a boulder beetle
 22141 | D:12     | Reached XP level 13. HP: 68/110 MP: 15/20
 22359 | D:12     | Found a staircase to the Orcish Mines.
 22963 | Orc:1    | Entered Level 1 of the Orcish Mines
 23980 | Orc:2    | Entered Level 2 of the Orcish Mines
 24354 | Orc:2    | Found a staircase to the Elven Halls.
 24869 | Orc:2    | Noticed an orc warlord
 24889 | Orc:2    | Banished an orc warlord
 25265 | Orc:2    | Found Tolusiy's Antique Weapon Shoppe.
 25438 | Orc:2    | Reached skill level 5 in Dodging
 25646 | Orc:2    | Found Yrio's Book Emporium.
 25811 | Orc:2    | Noticed Erolcha
 25821 | Orc:2    | Found Puonuy's Assorted Antiques.
 25824 | Orc:2    | Killed Erolcha
 25825 | Orc:2    | Reached skill level 1 in Air Magic
 26812 | Orc:2    | Noticed an orc warlord
 27422 | Orc:2    | Found Hezeag Ufipt's Antique Weapon Boutique.
 27425 | Orc:2    | Found Pesujyj's Antique Armour Shop.
 27451 | Orc:2    | Bought a glowing kite shield for 255 gold pieces
 27785 | D:13     | Reached ****** piety under Lugonu
 28034 | D:13     | Noticed Azrael
 28079 | D:13     | Banished Azrael
 28467 | D:13     | Noticed Sonja
 28470 | D:13     | Cast into level 1 of the Abyss (Sonja)
 28592 | Abyss:1  | Noticed a tentacled starspawn
 28653 | D:13     | Escaped the Abyss
 28690 | D:13     | HP: 2/113 [centaur/arrow[a centaur warrior] (7)]
 29322 | D:13     | Reached XP level 14. HP: 120/120 MP: 21/21
 29391 | D:13     | Reached skill level 5 in Shields
 31984 | Lair:3   | Found a staircase to the Shoals.
 32475 | Lair:3   | Noticed Fannar
 32544 | Lair:3   | Found a hole to the Spider Nest.
 32544 | Lair:3   | Noticed Urug
 32941 | Lair:5   | Got the Catalogue of Confrontation
 34741 | Lair:6   | Entered Level 6 of the Lair of Beasts
 34741 | Lair:6   | Found a viscous altar of Jiyva.
 34741 | Lair:6   | Found a staircase to the Slime Pits.
 35210 | Lair:4   | Noticed Kirke
 36787 | Lair:6   | Reached XP level 15. HP: 25/128 MP: 17/23
 37620 | Lair:6   | Found a large runed translucent door.
 37621 | Lair:6   | Found a large runed translucent door.
 39632 | D:13     | Killed Sonja
 40904 | D:14     | Found an opulent altar of Gozag.
 41097 | D:14     | Found a gate to the Vaults.
 41573 | D:15     | Entered Level 15 of the Dungeon
 42746 | D:15     | Reached skill level 15 in Fighting
 43753 | D:15     | Found a staircase to the Depths.
 43847 | Depths:1 | Entered Level 1 of the Depths
 44092 | Lair:3   | Killed Fannar
 44165 | Lair:3   | Killed Urug
 44178 | Spider:1 | Entered Level 1 of the Spider Nest
 44454 | Spider:1 | Reached XP level 16. HP: 143/146 MP: 25/25
 45564 | Spider:1 | HP: 5/148 [wolf spider (11)]
 45565 | Spider:1 | Succumbed to a wolf spider's poison

Illustrated notes

Levels and vault maps discovered:
D:1:      noname_arrival_rooms_in_the_neighbourhood, layout_basic,
          serial_forest, infiniplex_forest_end_1,
          infiniplex_forest_clump_diagonal, infiniplex_forest_lined_ring,
          infiniplex_forest_clump_diagonal, infiniplex_forest_lined_1,
          shapermc_ecumenical_altar_starsandcircs, minmay_lizard_pond
D:2:      layout_rooms, serial_shops, shop_statue, minmay_pentomino_t4,
          uniq_jessica
D:3:      layout_rooms, minmay_overflow_temple_star_quad
D:4:      layout_layer_cave, uniq_menkaure
D:5:      layout_loops_ring, tso_metal_star,
          minmay_temple_entry_drinking_statues, uniq_duvessa
D:6:      layout_rooms, amcnicky_altar_gilded, minmay_misc_feat_more_columns,
          kennysheep_generic_room_3
D:7:      layout_basic, st_stairs_4, minmay_ruined_shrine
D:8:      layout_cave_pools
D:9:      kennysheep_town
D:10:     layout_gridville, mainiacjoe_overflow_alcove_4, nooodl_orcs_dogs,
          uniq_josephine
D:11:     layout_basic, gauntlet_entry_generic, serial_rivers,
          chequers_serial_rivers_micro_a, chequers_serial_rivers_marsh,
          chequers_serial_rivers_micro_b, chequers_serial_rivers_room_b,
          uniq_harold
D:12:     layout_irregular_city, hiddenorc2_lemuel, portal_ice_cave_rime
D:13:     cheibrodos_fzero, layout_basic, grunt_ministairs_5, uniq_sonja,
          uniq_azrael
D:14:     layout_basic, erik_vaults_1, grunt_gozag_statues
D:15:     hangedman_depths_entry_try_elsewhere_first, layout_irregular_city,
          serial_park_tiny_2
Lair:1:   layout_regular_city, wad_woods_road_01, lemuel_fruit_tree,
          wad_woods_river_01
Lair:2:   gammafunk_boulding_lane, layout_cave_pods, grunt_megastairs_3,
          uniq_gastronok, uniq_maggie
Lair:3:   minmay_lair_oklob_chamber, layout_cave_pods,
          minmay_shoals_entry_beasts, nicolae_spider_entry_non_spiders,
          kennysheep_basilisk_garden, uniq_fannar, uniq_urug
Lair:4:   layout_roguey [special_room_mythical_zoo], special_room
          [special_room_mythical_zoo], nicolae_lair_run_with_the_wolves,
          uniq_kirke
Lair:5:   dreamdust_isle_of_ice, layout_gridlike, grunt_forest_large_clearings
Lair:6:   cheibrodos_lair_end_hotspot, layout_gridlike, slime_altar_1
Spider:1: layout_chambers
Spider:2: layout_spider_delve, nicolae_spider_acid_house
Orc:1:    layout_diamond_mine
Orc:2:    grunt_orc_community_town_hall, layout_diamond_mine,
          grunt_orc_community_big_house_2, grunt_orc_community_big_house_1,
          grunt_orc_community_house_2, grunt_orc_community_house_1,
          grunt_orc_community_house_2, grunt_orc_community_house_2,
          grunt_orc_community_house_1, grunt_orc_community_house_2,
          serial_shops, nicolae_lakefront_shop, uniq_erolcha
Depths:1: layout_cave_shapes, hell_entry, grunt_dithmenos_smoke_and_mirrors,
          kennysheep_small_square, minmay_shop_star, grunt_megastairs_2,
          serial_bayou_shore_b, uniq_bai_suzhen

Skill      XL: |  1  2  3  4  5  6  7  8  9 10 11 12 13 14 15 16 |
---------------+-------------------------------------------------+-----
Dodging        | 1 5 |  5.0
Armour         | 2 3 4 |  4.0
Axes           | 3 4 5 6 7 11 14 16 | 16.0
Shields        | 1 2 4 9 |  9.0
Invocations    | 4 6 8 10 11 13 | 13.0
Fighting       | 4 7 10 11 12 15 16 | 16.5
Evocations     | 3 |  3.0
Stealth        | 1 |  1.0
Transmutations | 3 |  3.0
Spellcasting   | 3 |  3.0
Earth Magic    | 3 |  3.0
Air Magic      | 4 |  4.0

Action                   |  1- 3 |  4- 6 |  7- 9 | 10-12 | 13-15 | 16-18 || total
-------------------------+-------+-------+-------+-------+-------+-------++-------
Melee: Hand axe          |    72 |    13 |    50 |   442 |   242 |       ||   819
       Tailslap          |    11 |    17 |    32 |   112 |   270 |    13 ||   455
       Spear             |    48 |   114 |   136 |       |       |       ||   298
       War axe           |       |       |   174 |   361 |  1315 |    99 ||  1949
Throw: Dart              |       |       |       |       |     1 |       ||     1
 Cast: Passwall          |       |       |       |     2 |       |       ||     2
Invok: Depart the Abyss  |     1 |       |       |       |     1 |       ||     2
       Banish            |       |       |     1 |    10 |    17 |       ||    28
       Bend Space        |       |       |       |     5 |     4 |     1 ||    10
       Corrupt           |       |       |       |     1 |       |       ||     1
 Abil: Rolling Charge    |       |       |     2 |    31 |    58 |       ||    91
Evoke: Wand              |       |       |       |     3 |     3 |       ||     6
       Condenser vane    |       |       |       |       |     1 |       ||     1
  Use: Scroll            |       |       |     7 |     5 |    13 |       ||    25
       Potion            |       |       |       |     1 |     1 |     3 ||     5
 Stab: Distracted        |       |       |       |     1 |     3 |     1 ||     5
       Sleeping          |       |       |       |     1 |     3 |       ||     4
Armor: Leather armour    |    27 |       |       |    11 |       |       ||    38
       Chain mail        |     7 |    53 |   230 |   120 |       |       ||   410
       Ring mail         |       |       |       |   168 |   434 |    57 ||   659
Dodge: Dodged            |    32 |    22 |    75 |   176 |   421 |    36 ||   762
Block: Buckler           |    12 |    19 |    68 |    95 |    45 |       ||   239
       Kite shield       |       |       |       |       |   429 |    40 ||   469

Table legend: (Time is in decaauts)
 A = Elapsed time spent in this place.
 B = Non-inter-level travel time spent in this place.
 C = Inter-level travel time spent in this place.
 D = Time resting spent in this place.
 E = Time spent auto-exploring this place.
 F = Levels seen in this place.
 G = Mean time per level.
                   A        B        C        D        E       F      G
               +--------+--------+--------+--------+--------+-----+--------+
         Total |  44975 |  43424 |   1551 |  12321 |  22431 |  31 | 1450.8 |
       Dungeon |  26565 |  25456 |   1109 |   6786 |  14283 |  15 | 1771.0 |
          Lair |   8775 |   8443 |    332 |   1855 |   5080 |   6 | 1462.5 |
   Spider Nest |   1352 |   1352 |      0 |    943 |    138 |   2 |  676.0 |
  Orcish Mines |   4128 |   4021 |    107 |    728 |   2327 |   2 | 2064.0 |
        Depths |     19 |     19 |      0 |      0 |      0 |   1 |   19.0 |
         Abyss |    247 |    247 |      0 |     58 |     93 |   3 |   82.3 |
      Ice Cave |   2567 |   2567 |      0 |   1155 |    506 |   1 | 2567.0 |
      Gauntlet |   1318 |   1318 |      0 |    795 |      4 |   1 | 1318.0 |
               +--------+--------+--------+--------+--------+-----+--------+

Top non-repeatable levels by time:
     D:9: 4586 daAuts
    D:13: 3636 daAuts
  Lair:6: 3556 daAuts
   Orc:2: 2932 daAuts
   IceCv: 2567 daAuts
     D:7: 2267 daAuts
    D:12: 2211 daAuts
    D:10: 2130 daAuts
  Lair:5: 2026 daAuts
    D:15: 1995 daAuts
     D:1: 1531 daAuts
     D:6: 1407 daAuts
    D:11: 1343 daAuts
     D:8: 1333 daAuts
Gauntlet: 1318 daAuts
